 Dungeon Crawl Stone Soup version 0.24.0-125-gc4c63601f3 (webtiles) character file.

Game seed: 2670536482992381925, levelgen mode: deterministic

58181 Curus the Warrior (level 14, -8/138 HPs)
             Began as a Minotaur Gladiator on Mar 4, 2020.
             Was a High Priest of Trog.
             Killed from afar by a deep elf mage (24 damage)
             ... with a bolt of cold
             ... on level 1 of the Orcish Mines on Mar 5, 2020.
             The game lasted 01:15:03 (14594 turns).

Curus the Warrior (Minotaur Gladiator)             Turns: 14594, Time: 01:15:04

Health: -8/138     AC: 15    Str: 20    XL:     14   Next: 48%
Magic:  0/6        EV: 22    Int:  7    God:    Trog [*****.]
Gold:   1022       SH:  0    Dex: 14    Spells: 13/13 levels left

rFire    . . .     SeeInvis +   Q - +9 quarterstaff (antimagic)
rCold    . . .     Gourm    .   (shield currently unavailable)
rNeg     . . .     Faith    .   H - +3 troll leather armour
rPois    .         Spirit   +   c - +1 hat
rElec    .         Reflect  .   D - +2 cloak
rCorr    .         Harm     .   L - +3 pair of gauntlets of War {Slay+5}
MR       +++..     Clarity  +   (no boots)
Stlth    +.........             P - amulet of guardian spirit
HPRegen  1.73/turn              F - ring of see invisible
MPRegen  0.10/turn              s - +3 ring of slaying

@: regenerating
A: retaliatory headbutt, horns 2, talons 1, clarity
a: Berserk, Trog's Hand, Brothers in Arms, Renounce Religion


You were on level 1 of the Orcish Mines.
You worshipped Trog.
Trog was extremely pleased with you.
You were not hungry.

You visited 3 branches of the dungeon, and saw 19 of its levels.

You collected 1501 gold pieces.
You spent 479 gold pieces at shops.

Inventory:

Hand Weapons
 b - a +3 fustibalus of flaming
 Q - a +9 antimagic quarterstaff (weapon)
Missiles
 d - 6 throwing nets (quivered)
Armour
 c - a +1 hat (worn)
 D - a +2 cloak (worn)
 H - a +3 troll leather armour (worn)
 L - the +3 pair of gauntlets of War (worn) {Slay+5}
   (You acquired it on level 12 of the Dungeon)

   It affects your accuracy and damage with ranged weapons and melee attacks
   (+5).
Jewellery
 e - an uncursed ring of wizardry
 j - an uncursed ring of stealth
 o - an uncursed ring of poison resistance
 s - a +3 ring of slaying (right hand)
 v - a +4 ring of protection
 y - an uncursed ring of flight
 A - a +1 ring of protection
 F - a ring of see invisible (left hand)
 G - an uncursed ring of resist corrosion
 O - a +5 ring of intelligence
 P - an amulet of guardian spirit (around neck)
 W - an uncursed ring of positive energy
 Z - a +2 ring of intelligence
Wands
 q - a wand of paralysis (2)
 u - a wand of disintegration (5)
 x - a wand of scattershot (1)
 z - a wand of random effects (15)
 C - a wand of clouds (9)
 E - a wand of acid (11)
 J - a wand of iceblast (23)
 N - a wand of polymorph (8)
 T - a wand of digging (21)
Scrolls
 a - 2 scrolls of enchant weapon
 g - 5 scrolls of magic mapping
 k - 3 scrolls of random uselessness
 l - 2 scrolls of vulnerability
 n - 20 scrolls of identify
 p - 9 scrolls of teleportation
 M - 3 scrolls of fear
 R - 2 scrolls of fog
 U - 4 scrolls of remove curse
Potions
 h - a potion of brilliance
 i - 7 potions of curing
 m - 4 potions of heal wounds
 r - a potion of might
 t - 2 potions of degeneration
 w - 3 potions of agility
 I - 2 potions of invisibility
 K - 2 potions of haste
 S - 5 potions of flight
 V - a potion of cancellation
Comestibles
 f - 41 rations


   Skills:
 + Level 16.9 Fighting
 - Level 14.0 Staves
 - Level 2.0 Throwing
 + Level 15.8 Dodging
 - Level 8.8 Evocations


You had 13 spell levels left.
You didn't know any spells.
Your spell library was empty.

Dungeon Overview and Level Annotations

Branches:
Dungeon (12/15)            Temple (0/1) D:7            Lair (6/6) D:10
  Swamp (0/4) Lair:3       Spider (0/4) Lair:2        Slime (0/5) Lair:5
    Orc (1/2) D:12

Altars:
Ashenzari
Dithmenos
Elyvilon
Gozag
Makhleb
Nemelex Xobeh
Ru
Trog
Uskayaw
Vehumet
Yredelemnul
Zin
Jiyva

Shops:
D:4 %   D:5 ***   D:10 *

Portals:
Hell: Lair:6

Annotations:
D:4 3 runed translucent doors, Thomus's ghost, novice DECj; hemabe's ghost, amateur HuAr; krokodil's ghost, amateur DEWz; matti1234's ghost, amateur OpWr
D:5 3 runed translucent doors, dasteron's ghost, amateur GrFi
D:7 Harold


Innate Abilities, Weirdness & Mutations

You reflexively headbutt those who attack you in melee.
You have a pair of horns on your head.
You have sharp toenails.
You possess an exceptional clarity of mind.


Message History

You kill the deep elf mage!
Trog accepts your kill.
Trog appreciates your killing of a magic user.
The orc barely misses you.
The deep elf mage hits you but does no damage.
The deep elf mage casts a spell.
The deep elf mage blinks!
You sock the deep elf mage!
The deep elf mage's magic leaks into the air.
You headbutt the deep elf mage!
The deep elf mage is severely wounded.
You bludgeon the deep elf mage!!
You kill the deep elf mage!
Trog accepts your kill.
Trog appreciates your killing of a magic user.
The hell rat disappears in a puff of smoke! x2
The orc completely misses you. The deep elf mage casts a spell at you.
The bolt of cold hits you!!
You die...

#.....##.....###
#....######....##
#.... ###..###.##
....#..##..)#.#...#
....##.......###..##
...#
###....###....## .#.
#....#.......#
#..##.)....# .
####.@)...#.....
#.oe..##.....
##Ye)........
#o))..e)....#.
......≈≈≈≈≈o≈..#
#....≈≈≈≈≈§;≈≈.#
#.....≈≈##>##≈≈.#
##.##$≈≈#..§ ≈≈.#
###..≈≈#e○.# ≈...


You could see 3 deep elf magi, an ice beast, an electric eel, an orc wizard and
an orc.

Vanquished Creatures
  Snorg (D:11)
  Josephine (D:12)
  9 hydras
  4 two-headed ogres
  The ghost of Jabberih the Martial Artist, a journeyman OpTm of Okawaru (D:11)
  Sonja (Lair:1)
  Urug (Lair:5)
  A sixfirhy (Lair:6)
  Nergalle (Lair:2)
  A wizard (Lair:6)
  Pikel (D:9)
  7 deep elf magi (Orc:1)
  An ugly thing (D:12)
  Maurice (D:8)
  A torpor snail (Lair:6)
  4 black mambas
  2 orange demons (Lair:6)
  14 spiny frogs
  2 kobold demonologists
  10 komodo dragons
  4 rime drakes
  An ice devil (Lair:6)
  A hellwing (Lair:6)
  2 red devils (Lair:6)
  A troll (D:12)
  A merfolk (Lair:1)
  3 jumping spiders (Lair:2)
  A tyrant leech (Lair:3)
  19 blink frogs
  A hornet (D:11)
  A dream sheep (shapeshifter) (Lair:1)
  18 dream sheep
  11 hippogriffs
  5 redbacks (Lair:2)
  6 wyverns
  A spriggan (D:11)
  5 wraiths (D:12)
  A basilisk (D:12)
  21 yaks
  A human (D:12)
  A steam dragon (D:10)
  2 hungry ghosts
  2 wargs
  A swamp worm (Lair:3)
  5 hell hounds (Lair:6)
  13 water moccasins
  6 porcupines
  A slave (D:9)
  7 orc warriors
  2 ice beasts (D:5)
  2 sky beasts (D:6)
  A black bear (Lair:4)
  12 ogres
  A necrophage (D:5)
  3 wolves (Lair:1)
  4 centaurs
  5 big kobolds
  29 crocodiles
  11 bullfrogs
  3 scorpions
  4 killer bees (D:10)
  15 wights
  2 electric eels (Lair:3)
  A howler monkey (D:4)
  9 crimson imps
  2 bullfrog zombies
  A centaur zombie (D:8)
  8 jellies
  7 hounds
  2 centaur skeletons
  8 orc priests
  14 orc wizards
  Crazy Yiuf (D:7)
  4 iguanas
  Ijyb (D:3)
  Natasha (twice) (D:3)
  Terence (D:3)
  11 worker ants
  A killer bee zombie (D:9)
  A hound zombie (D:9)
  A hound skeleton (D:4)
  11 gnolls
  A worker ant zombie (D:6)
  15 adders
  17 oozes
  2 adder zombies
  5 worms
  3 dart slugs
  16 leopard geckos
  45 orcs
  3 ball pythons
  8 giant cockroaches
  3 goblins
  5 hobgoblins
  2 jackals (D:1)
  19 kobolds
  6 quokkas
  5 bats
  13 frilled lizards
  4 rats
558 creatures vanquished.

Vanquished Creatures (others)
  An ugly thing (D:11)
  An orc priest (Orc:1)
  2 gnolls (D:6)
  4 fungi
  3 plants (D:11)
  2 withered plants (D:4)
13 creatures vanquished.

Grand Total: 571 creatures vanquished

Notes
Turn   | Place    | Note
-------+----------+-------------------------------------------
     0 | D:1      | Curus the Minotaur Gladiator began the quest for the Orb.
     0 | D:1      | Reached XP level 1. HP: 18/18 MP: 0/0
    32 | D:1      | Reached XP level 2. HP: 24/25 MP: 1/1
    98 | D:1      | Reached skill level 5 in Staves
   118 | D:1      | Reached XP level 3. HP: 4/30 MP: 2/2
   424 | D:1      | Gained mutation: You have sharp toenails. [potion of
                  | mutation]
   424 | D:1      | Gained mutation: You possess an exceptional clarity of
                  | mind. [potion of mutation]
   720 | D:2      | Found a bloodstained altar of Trog.
   732 | D:2      | Became a worshipper of Trog the Wrathful
   850 | D:2      | Found a radiant altar of Vehumet.
   861 | D:2      | Reached XP level 4. HP: 23/37 MP: 3/3
  1657 | D:3      | Noticed Natasha
  1659 | D:3      | Found a sacrificial altar of Ru.
  1663 | D:3      | Killed Natasha
  1742 | D:3      | Reached * piety under Trog
  1742 | D:3      | Reached XP level 5. HP: 27/42 MP: 4/4
  1850 | D:3      | Noticed Ijyb
  1858 | D:3      | Paralysed by Ijyb for 3 turns
  1867 | D:3      | Paralysed by Ijyb for 2 turns
  1870 | D:3      | Killed Ijyb
  2059 | D:3      | Noticed Terence
  2069 | D:3      | Killed Terence
  2296 | D:3      | Noticed Natasha
  2305 | D:3      | Killed Natasha
  2648 | D:3      | Found an opulent altar of Gozag.
  2649 | D:3      | Found a sparkling altar of Nemelex Xobeh.
  2767 | D:4      | Reached XP level 6. HP: 50/50 MP: 5/5
  2783 | D:4      | Found an opulent altar of Gozag.
  2830 | D:4      | Found a runed translucent gate.
  2830 | D:4      | Found a runed translucent gate.
  2830 | D:4      | Found a runed translucent gate.
  2830 | D:4      | Noticed Thomus's ghost (novice DECj)
  2830 | D:4      | Noticed krokodil's ghost (amateur DEWz)
  2830 | D:4      | Noticed matti1234's ghost (amateur OpWr)
  2830 | D:4      | Noticed hemabe's ghost (amateur HuAr)
  2870 | D:4      | Reached ** piety under Trog
  2892 | D:4      | Found a glowing silver altar of Zin.
  2935 | D:4      | Found a shattered altar of Ashenzari.
  2936 | D:4      | You fall into a shaft and drop 2 floors!
  2943 | D:5      | Entered Level 5 of the Dungeon
  2950 | D:5      | Found a shadowy altar of Dithmenos.
  2957 | D:5      | Noticed an ice beast
  2963 | D:5      | Killed an ice beast
  2981 | D:5      | Reached XP level 7. HP: 38/56 MP: 6/6
  2997 | D:5      | Reached skill level 10 in Staves
  3311 | D:4      | Found Fahoem's Food Shop.
  3763 | D:5      | Found Xiczusig's Assorted Antiques.
  3774 | D:5      | Found a runed translucent gate.
  3783 | D:5      | Bought a scroll labeled VEYJALEGAI for 22 gold pieces
  3783 | D:5      | Bought a ruby potion for 19 gold pieces
  3783 | D:5      | Bought a potion of curing for 66 gold pieces
  3783 | D:5      | Bought an encrusted steel ring for 110 gold pieces
  3847 | D:5      | Found a runed translucent gate.
  3849 | D:5      | Found a runed translucent gate.
  3852 | D:5      | Noticed dasteron's ghost (amateur GrFi)
  3869 | D:5      | Found Raagg's General Store.
  3877 | D:5      | Bought a scroll of enchant armour for 105 gold pieces
  3973 | D:5      | Found Fuyptauh's Assorted Antiques.
  4149 | D:5      | Reached XP level 8. HP: 42/62 MP: 7/7
  4254 | D:6      | Found a white marble altar of Elyvilon.
  4329 | D:6      | Reached *** piety under Trog
  4421 | D:6      | Reached XP level 9. HP: 48/68 MP: 8/8
  4497 | D:6      | Reached skill level 3 in Fighting
  4746 | D:6      | Found a bloodstained altar of Trog.
  4950 | D:6      | Found a basalt altar of Yredelemnul.
  5019 | D:6      | Reached skill level 4 in Fighting
  5203 | D:7      | Identified the +3 hunting sling of Animal Spirits
                  | {velocity, rF+ rN+}
  5211 | D:7      | Reached **** piety under Trog
  5214 | D:7      | Reached skill level 5 in Dodging
  5231 | D:7      | Reached skill level 5 in Fighting
  5362 | D:7      | Found a hide-covered altar of Uskayaw.
  5363 | D:7      | Noticed Harold
  5494 | D:7      | Found a staircase to the Ecumenical Temple.
  5583 | D:7      | Reached skill level 6 in Fighting
  5846 | D:7      | Reached skill level 7 in Fighting
  5993 | D:7      | Found a runed translucent door.
  5994 | D:7      | Noticed Crazy Yiuf
  6034 | D:7      | Killed Crazy Yiuf
  6173 | D:8      | Noticed Maurice
  6181 | D:8      | Killed Maurice
  6181 | D:8      | Reached XP level 10. HP: 84/86 MP: 9/9
  6602 | D:9      | Reached skill level 8 in Fighting
  6631 | D:9      | Reached ***** piety under Trog
  6677 | D:9      | Noticed Pikel
  6677 | D:9      | Noticed a two-headed ogre
  6681 | D:9      | Killed a two-headed ogre
  6689 | D:9      | Killed Pikel
  6689 | D:9      | Reached skill level 9 in Fighting
  6832 | D:9      | Noticed a two-headed ogre
  6841 | D:9      | Killed a two-headed ogre
  6900 | D:9      | You fall into a shaft and drop 3 floors!
  6903 | D:12     | Reached skill level 10 in Fighting
  6946 | D:12     | Received a gift from Trog
  6965 | D:12     | Reached skill level 10 in Dodging
  6965 | D:12     | Reached XP level 11. HP: 77/101 MP: 10/10
  6967 | D:12     | Found a staircase to the Orcish Mines.
  7099 | D:12     | Identified a scroll of acquirement
  7100 | D:12     | Found the +3 pair of gauntlets of War {Slay+5}
  7118 | D:12     | Noticed a brown ugly thing
  7124 | D:12     | Killed a brown ugly thing
  7127 | D:11     | Found a runed translucent gate.
  7127 | D:11     | Found a runed translucent gate.
  7127 | D:11     | Found a runed translucent gate.
  7127 | D:11     | Noticed an 11-headed hydra
  7128 | D:11     | Noticed Jabberih's ghost (journeyman OpTm)
  7128 | D:11     | Noticed a nine-headed hydra
  7161 | D:11     | Noticed a cyan ugly thing
  7165 | D:11     | Banished a cyan ugly thing
  7165 | D:11     | Reached skill level 11 in Fighting
  7236 | D:10     | Entered Level 10 of the Dungeon
  7415 | D:10     | Found Suogrix's General Store.
  7420 | D:10     | Bought a scroll of enchant armour for 112 gold pieces
  7420 | D:10     | Bought a scroll of teleportation for 45 gold pieces
  7491 | D:10     | Noticed a two-headed ogre
  7496 | D:10     | Killed a two-headed ogre
  7510 | D:10     | Found a staircase to the Lair.
  7520 | Lair:1   | Entered Level 1 of the Lair of Beasts
  7536 | Lair:1   | Reached skill level 12 in Fighting
  7641 | Lair:1   | Received a gift from Trog
  7750 | Lair:1   | Noticed Sonja
  7753 | Lair:1   | Noticed a six-headed hydra
  7761 | Lair:1   | Killed a six-headed hydra
  7768 | Lair:1   | Killed Sonja
  7768 | Lair:1   | Reached skill level 1 in Evocations
  7831 | Lair:1   | Reached XP level 12. HP: 109/113 MP: 1/12
  8415 | Lair:2   | Reached skill level 5 in Evocations
  8418 | Lair:2   | Received a gift from Trog
  8508 | Lair:2   | Noticed Nergalle
  8519 | Lair:2   | Killed Nergalle
  8703 | Lair:2   | Found a hole to the Spider Nest.
  9527 | Lair:3   | Reached skill level 13 in Fighting
  9677 | Lair:3   | Noticed a seven-headed hydra
  9681 | Lair:3   | Killed a seven-headed hydra
  9702 | Lair:3   | Noticed a six-headed hydra
  9711 | Lair:3   | Killed a six-headed hydra
  9713 | Lair:3   | Found a staircase to the Swamp.
 10099 | Lair:3   | Reached XP level 13. HP: 101/122 MP: 6/18
 10420 | Lair:4   | You fall into a shaft and drop 1 floor!
 10723 | Lair:4   | Reached ****** piety under Trog
 10849 | Lair:4   | Reached skill level 14 in Fighting
 11312 | Lair:5   | Noticed Urug
 11324 | Lair:5   | Killed Urug
 11402 | Lair:5   | Found a viscous altar of Jiyva.
 11402 | Lair:5   | Found a staircase to the Slime Pits.
 12011 | Lair:6   | Entered Level 6 of the Lair of Beasts
 12114 | Lair:6   | Received a gift from Trog
 12117 | Lair:6   | Reached skill level 15 in Fighting
 12475 | Lair:6   | Reached XP level 14. HP: 136/136 MP: 6/19
 12504 | Lair:6   | Found a burning altar of Makhleb.
 12520 | Lair:6   | Reached skill level 15 in Dodging
 12527 | Lair:6   | Reached skill level 16 in Fighting
 12596 | Lair:6   | Found a gateway to Hell.
 13367 | D:11     | Noticed Snorg
 13378 | D:11     | Killed Snorg
 13421 | D:11     | Received a gift from Trog
 14205 | D:11     | Killed Jabberih's ghost
 14481 | D:12     | Noticed Josephine
 14489 | D:12     | Killed Josephine
 14532 | Orc:1    | Entered Level 1 of the Orcish Mines
 14587 | Orc:1    | HP: 3/138 [electric eel/bolt of electricity (8)]
 14594 | Orc:1    | Killed from afar by a deep elf mage

Levels and vault maps discovered:
D:1:      evilmike_arrival_run_for_it, layout_rooms
D:2:      layout_loops_ring, nicolae_overflow_crystal_walls, trog_butcher_becter
D:3:      layout_loops_ring, grunt_temple_overflow_opulence,
          nicolae_ru_path_of_blood, first_ration, serial_forest,
          infiniplex_forest_3_way, infiniplex_forest_end_2,
          infiniplex_forest_straight_4, infiniplex_forest_end_2,
          infiniplex_forest_clump_large, infiniplex_forest_lined_room_2,
          uniq_terence, uniq_natasha, uniq_ijyb
D:4:      layout_basic, cheibrodos_ashenzari_chains, kennysheep_little_box,
          serial_shops, shop_fountains, gammafunk_ghost_cemetery,
          grunt_gozag_breadcrumbs
D:5:      minmay_opposing_rooms, layout_basic, ebering_ghost_rock_garden,
          serial_shops, shop_statue, nicolae_shop_crystal,
          nicolae_shop_statue_plus, grunt_dithmenos_smoke_and_mirrors
D:6:      layout_basic, overflow_temple_1_default, marbit_many_paths,
          elyvilon_altar_5
D:7:      layout_loops_ring, nicolae_overflow_hidden_temple,
          minmay_temple_entry_glassed_door, kennysheep_small_circle,
          uniq_crazy_yiuf_cottage, uniq_harold
D:8:      layout_cave_pools, uniq_maurice
D:9:      layout_roguey, uniq_pikel
D:10:     layout_long_grid, lair_entry_dummy, serial_shops, nicolae_shop_trees
D:11:     layout_basic, gammafunk_ghost_hydra_chop, the_bakery, uniq_snorg
D:12:     layout_stronghold, erik_orc_4, kennysheep_potato, uniq_josephine
Lair:1:   lemuel_slime, layout_cave_pods, uniq_sonja
Lair:2:   layout_big_grid, nicolae_spider_entry_tight_spaces,
          infiniplex_staircase_pool_2, uniq_nergalle
Lair:3:   lemuel_reptile_caves, layout_long_grid, palyth_hydra_swamp_entry,
          serial_bayou_shore_b
Lair:4:   wander_river, layout_hall_layers
Lair:5:   layout_regular_city, dpeg_slime_entry_enclosed_altar, uniq_urug
Lair:6:   evil_forest, layout_big_grid, chequers_serial_rivers_large_a
Orc:1:    layout_diamond_mine, biasface_ghost_orc_armoury, elves_outpost_lemuel

Skill      XL: |  1  2  3  4  5  6  7  8  9 10 11 12 13 14 |
---------------+-------------------------------------------+-----
Staves         | 4 5 6 7 8 9 11 13 14 | 14.0
Fighting       | 7 10 12 13 15 16 | 16.9
Dodging        | 7 10 12 14 15 | 15.8
Evocations     | 2 8 |  8.8
Throwing       | |  2.0

Action                   |  1- 3 |  4- 6 |  7- 9 | 10-12 | 13-15 || total
-------------------------+-------+-------+-------+-------+-------++-------
Melee: Quarterstaff      |    55 |   138 |   278 |   410 |   400 ||  1281
       Headbutt          |     9 |    22 |    57 |    66 |    81 ||   235
       Kick              |     7 |    36 |    80 |   128 |   120 ||   371
Invok: Berserk           |       |       |       |     1 |     2 ||     3
       Trog's Hand       |       |       |       |       |     2 ||     2
Evoke: Wand              |       |       |     1 |     2 |     1 ||     4
  Use: Potion            |     4 |     2 |     6 |       |     2 ||    14
       Scroll            |     2 |     3 |     6 |     4 |     5 ||    20
 Stab: Petrifying        |       |       |     1 |     1 |       ||     2
       Paralysed         |       |       |       |     2 |       ||     2
       Sleeping          |       |       |       |       |     2 ||     2
  Eat: Chunk             |       |     4 |    11 |     9 |    12 ||    36
       Ration            |       |     1 |       |     1 |     2 ||     4
Armor: Leather armour    |     7 |    25 |    53 |       |       ||    85
       Ring mail         |       |       |     1 |    11 |       ||    12
       Troll leather arm |       |       |       |    68 |    76 ||   144
Dodge: Dodged            |    21 |    62 |   105 |   264 |   275 ||   727
